 Dungeon Crawl Stone Soup version 0.30-a0-23-ge60ba3568b (webtiles) character file.

Game seed: 12564463900675270776

27 Spectrina the Magician (level 3, 0/25 HPs)
             Began as a Djinni Venom Mage on Aug 24, 2022.
             Frozen to death by an endoplasm (3 damage)
             ... on level 2 of the Dungeon.
             The game lasted 00:03:32 (242 turns).

Spectrina the Magician (Djinni Venom Mage)           Turns: 242, Time: 00:03:32

Health: 0/25       AC:  2    Str:  3    XL:     3   Next: 25%
Gold:   31         EV: 12    Int: 24    God:
                   SH:  0    Dex: 17

rFire   + + .      SeeInvis .    b - +7 hand axe "Wettae" {venom, Fragile Str-4 Int+6 Dex+4}
rCold   x . .      Faith    .    (no shield)
rNeg    . . .      Spirit   .    a - +0 robe
rPois   ∞          Reflect  .    (no helmet)
rElec   .          Harm     .    (no cloak)
rCorr   .          Rampage  .    (no gloves)
Will    .....                    (boots unavailable)
Stlth   ++........               (no amulet)
HPRegen 0.08/turn                (no ring)
MPRegen 0.00/turn                (no ring)

@: flying
A: sickness immunity, fire resistance 2, cold vulnerability 1, float, innate
caster, HP casting, extra vitality 1
a: no special abilities


You were on level 2 of the Dungeon.
You visited 1 branch of the dungeon, and saw 2 of its levels.

You collected 31 gold pieces.

Inventory:

Hand Weapons
 b - the +7 hand axe "Wettae" (weapon) {venom, Fragile Str-4 Int+6 Dex+4}
   (You found it on level 2 of the Dungeon)

   It poisons the flesh of those it strikes.
   Str:       It affects your strength (-4).
   Int:       It affects your intelligence (+6).
   Dex:       It affects your dexterity (+4).
   Fragile:   It will be destroyed if unequipped.
Armour
 a - a +0 robe (worn)
Scrolls
 c - a scroll of teleportation {unknown}
 d - a scroll of blinking {unknown}
 f - a scroll of noise {unknown}
Potions
 e - a potion of might {unknown}


   Skills:
 - Level 2.1 Dodging
 - Level 1.5 Stealth
 + Level 3.3 Spellcasting


You couldn't memorise any spells.
You knew the following spells:

 Your Spells              Type           Power      Damage    Failure   Level
a - Sting                 Tmut/Pois      76%        1d6       2%          1
k - Slow                  Hex            76%        N/A       2%          1
l - Mephitic Cloud        Conj/Pois/Air  19%        N/A       9%          3
q - Poisonous Vapours     Pois/Air       38%        N/A       4%          2
w - Olgreb's Toxic Radia  Pois           19%        N/A       26%         4
Your spell library was empty.

Dungeon Overview and Level Annotations

Branches:
Dungeon (2/15)

Altars:

Annotations:
D:1 1 transporter


Innate Abilities, Weirdness & Mutations

You are immune to sickness and miasma.
You are immune to poison.
Your flesh is very heat resistant. (rF++)
You are vulnerable to cold. (rC-)
You float through the air rather than walking.
You learn spells naturally, not from books.
Your magical power is your life essence.
You have superior vitality. (+4 MHP)


Message History

The adder is almost dead.
The adder closely misses you. x2
You closely miss the adder.
The adder is almost dead.
The adder bites you. x2
* * * LOW HITPOINT WARNING * * *
Unknown command.
You miss the adder.
The adder is almost dead.
The adder closely misses you. x2
You slash the adder!
You kill the adder!
You have reached level 3!
Your experience leads to an increase in your attributes!
Your base attributes are Str 7, Int 16, Dex 13.
Increase (S)trength, (I)ntelligence, or (D)exterity?
You feel clever. x2
The power to cast Slow wells up from within.
Spell assigned to 'b'.
Adjust (i)tems, (s)pells, or (a)bilities?
Adjust which spell? b - Slow Adjust to which letter? k - Slow An endoplasm comes into view.
The helpless endoplasm fails to defend itself.
You hit the endoplasm but do no damage.
The endoplasm hits you but does no damage.
You hit the endoplasm.
The endoplasm is moderately wounded.
The endoplasm hits you but does no damage.
You hit the endoplasm.
The endoplasm is poisoned.
The endoplasm is almost dead.
A goblin comes into view. It is wielding a +0 dagger.
The endoplasm freezes you.
You are frozen.
You feel a terrible chill!
* * * LOW HITPOINT WARNING * * *
The endoplasm freezes you.
You are frozen.
You feel a terrible chill!
You die...

#..# #. ...# ###...
... ...##.... ..
.##.†)# .g .##.### .#
#)..# ..# #.#######
#..#
........#########J..##
....###.........@....#
....#
###########.##....
...(# .# # ##### .# .#
.# .# .#


You could see an endoplasm (very poisoned) and a goblin (wandering).

Vanquished Creatures
  An adder (D:2)
  A worm (D:2)
  2 ball pythons (D:2)
  2 goblins (D:2)
  A hobgoblin (D:2)
  2 kobolds
  3 quokkas (D:2)
  A bat (D:1)
  2 rats (D:2)
15 creatures vanquished.

Notes
Turn   | Place    | Note
-------+----------+-------------------------------------------
     0 | D:1      | Spectrina the Djinni Venom Mage began the quest for the
                  | Orb.
     0 | D:1      | Spectrina set off with the following spells memorised:
                  | Sting, Poisonous Vapours, Mephitic Cloud, Olgreb's Toxic
                  | Radiance.
     0 | D:1      | Reached XP level 1. HP: 15/15 MP: 0/0
    11 | D:2      | Identified the +7 hand axe "Wettae" {venom, Fragile Str-4
                  | Int+6 Dex+4}
    45 | D:2      | Reached XP level 2. HP: 10/21 MP: 0/0
   155 | D:2      | Reached skill level 3 in Spellcasting
   221 | D:2      | Reached XP level 3. HP: 7/25 MP: 0/0
   221 | D:2      | Learned a level 1 spell: Slow
   242 | D:2      | Frozen to death by an endoplasm

Illustrated notes

Levels and vault maps discovered:
D:1:      spicycebolla_arrival_transporter_tutorial, layout_basic,
          nicolae_ecumenical_snake_handling, serial_bayou_pond_a
D:2:      layout_rooms, minmay_quantized

Skill      XL: |  1  2 |
---------------+-------+-----
Spellcasting   | 3 |  3.3
Dodging        | |  2.1
Stealth        | |  1.5

Action                   || total
-------------------------++-------
Melee: Hand axe          ||    17
 Cast: Sting             ||    15
 Stab: Sleeping          ||     1
Armor: Robe              ||     5
Dodge: Dodged            ||    14

Table legend: (Time is in decaauts)
 A = Elapsed time spent in this place.
 B = Non-inter-level travel time spent in this place.
 C = Inter-level travel time spent in this place.
 D = Time resting spent in this place.
 E = Time spent auto-exploring this place.
 F = Levels seen in this place.
 G = Mean time per level.
                   A        B        C        D        E       F      G
               +--------+--------+--------+--------+--------+-----+--------+
         Total |    246 |    246 |      0 |      0 |      0 |   2 |  123.0 |
       Dungeon |    246 |    246 |      0 |      0 |      0 |   2 |  123.0 |
               +--------+--------+--------+--------+--------+-----+--------+

Top non-repeatable levels by time:
     D:2: 209 daAuts
     D:1: 36 daAuts
